AoeStats
← Sugy

Arena

503792028Analyzed
4v4 RM · 1mo ago on Sep 2, 2026· 28m 18s· 8 players
Game mode
Random Map
Map size
Large (8 player)
Population
200
Speed
Normal
Resources
Standard
Victory
Conquest
Starting age
Dark Age
Ending age
Imperial Age
RankedLock teamsTeams togetherTeam positionsShared explorationLock speedFull tech treeHidden civsTurbo modeCheats
Victory
Defeat
🇨🇳 Hindustanis · China
1057
+9
🇦🇷 Hindustanis · Argentina
1016
+10
🇦🇷 Persians · Argentina
1013
+10
🇨🇳 Cumans · China
990
+11
🇨🇿 Vietnamese · Czechia
943
-13
🇪🇸 Goths · Spain
929
-12
🇨🇿 Hindustanis · Czechia
840
-8
🇬🇧 Wei · United Kingdom
831
-8
GEvans7
1:05 Loom
12:39 Feudal Age
13:11 Double-Bit Axe
13:08 Horse Collar
13:23 Gold Mining
17:36 Wheelbarrow
16:55 Stone Mining
21:46 Castle Age
20:11 Forging
20:07 Scale Barding Armor
22:32 Heavy Plow
22:46 Bow Saw
24:19 Gold Shaft Mining
24:22 Stone Shaft Mining
25:14 Bloodlines
25:05 Husbandry
26:23 Hand Cart
juanam86
11:05 Feudal Age
13:07 Loom
15:30 Castle Age
13:38 Double-Bit Axe
14:39 Horse Collar
19:42 Bow Saw
19:54 Heavy Plow
21:41 Wheelbarrow
23:10 Hand Cart
23:38 Gold Mining
23:39 Stone Mining
30:19 Imperial Age
Sugy
2:42 Loom
9:33 Feudal Age
10:36 Double-Bit Axe
10:32 Horse Collar
14:29 Wheelbarrow
18:32 Castle Age
20:23 Bow Saw
20:21 Heavy Plow
22:32 Forging
24:23 Hand Cart
24:56 Town Watch
27:24 Iron Casting
26:50 Scale Mail Armor
FrostyWeirdo
2:19 Loom
13:26 Feudal Age
14:54 Double-Bit Axe
19:40 Castle Age
17:44 Horse Collar
18:21 Gold Mining
19:21 Stone Mining
22:03 Bow Saw
21:56 Heavy Plow
22:15 Town Watch
凛绪nn
10:07 Feudal Age
14:22 Castle Age
12:30 Double-Bit Axe
14:00 Horse Collar
16:40 Wheelbarrow
20:21 Bow Saw
23:44 Gold Mining
23:55 Heavy Plow
25:57 Hand Cart
26:23 Gold Shaft Mining
28:23 Imperial Age
25:49 Stone Mining
26:09 Scale Barding Armor
26:15 Forging
28:15 Iron Casting
28:01 Chain Barding Armor
28:34 Bloodlines
28:06 Cavalier
KING
10:59 Feudal Age
12:52 Double-Bit Axe
16:54 Castle Age
16:30 Scale Mail Armor
16:41 Forging
18:17 Forging
19:17 Arson
20:16 Squires
27:16 Gold Mining
Alvarez
11:33 Feudal Age
18:14 Castle Age
16:26 Horse Collar
17:05 Double-Bit Axe
22:02 Bow Saw
22:27 Stone Mining
22:45 Heavy Plow
25:33 Wheelbarrow
29:00 Hand Cart
秋淮
10:04 Feudal Age
8:21 Loom
8:42 Loom
14:20 Castle Age
13:02 Loom
14:56 Wheelbarrow
14:06 Double-Bit Axe
14:42 Horse Collar
15:59 Bow Saw
19:10 Heavy Plow
22:36 Fervor
28:03 Imperial Age
26:04 Gold Mining
26:04 Stone Mining
28:00 Fletching
28:21 Forging
28:47 Hand Cart
28:17 Town Watch
28:29 Fletching
29:46 Two-Man Saw
28:51 Padded Archer Armor
Connection lost

Rejoining the realm…

Still unreachable

The connection could not be restored.

Session expired

The server has moved on; the page needs a fresh start.